 Dungeon Crawl Stone Soup version 0.24-a0-500-g46574c2 (webtiles) character file.

Game seed: 10220513809527113254

240 pkoi the Slasher (level 5, -1/47 HPs)
             Began as a Minotaur Fighter on July 14, 2019.
             Was a Follower of Elyvilon.
             Killed by nerve-wracking pain
             ... invoked by an orc priest
              (13 damage)
             ... on level 3 of the Dungeon.
             The game lasted 00:04:51 (3406 turns).

pkoi the Slasher (Minotaur Fighter)                 Turns: 3406, Time: 00:04:52

Health: -1/47      AC: 13    Str: 22    XL:     5   Next: 80%
Magic:  4/4        EV:  4    Int:  5    God:    Elyvilon [*.....]
Gold:   218        SH:  9    Dex:  9    Spells: 4/4 levels left

rFire    . . .     SeeInvis +   e - +0 dagger (elec)
rCold    . . .     Gourm    .   c - +0 shield
rNeg     . . .     Faith    .   g - +0 plate armour
rPois    .         Spirit   .   (helmet restricted)
rElec    .         Reflect  .   l - +0 cloak
rCorr    +         Harm     .   (no gloves)
MR       .....                  (no boots)
Stlth    ..........             (no amulet)
HPRegen  0.15/turn              q - ring of see invisible
MPRegen  0.09/turn              u - ring of resist corrosion

@: no status effects
A: retaliatory headbutt, horns 2
a: Lesser Healing, Divine Protection, Renounce Religion


You were on level 3 of the Dungeon.
You worshipped Elyvilon.
Elyvilon was aware of your devotion.
You were not hungry.

You visited 1 branch of the dungeon, and saw 3 of its levels.

You collected 218 gold pieces.

Inventory:

Hand Weapons
 a - a +1 long sword
 e - a +0 dagger of electrocution (weapon)
Missiles
 k - 7 poisoned darts (quivered)
Armour
 b - a +0 scale mail
 c - a +0 shield (worn)
 g - a +0 plate armour (worn)
 l - a +0 cloak (worn)
Jewellery
 q - a ring of see invisible (left hand)
 u - a ring of resist corrosion (right hand)
Scrolls
 j - 2 scrolls of identify
 p - a scroll of random uselessness
Potions
 d - 3 potions of might
 i - 2 potions of curing {unknown}
 n - 2 potions of magic {unknown}
 t - a potion of lignification
Comestibles
 f - 8 rations
 h - a chunk of flesh


   Skills:
 + Level 4.3 Fighting
 + Level 5.9 Long Blades
 + Level 4.2 Armour
 + Level 4.2 Shields
 + Level 1.2 Invocations


You had 4 spell levels left.
You didn't know any spells.
Your spell library was empty.

Dungeon Overview and Level Annotations

Branches:
Dungeon (3/15)

Altars:
Elyvilon
Uskayaw
Xom
Yredelemnul


Innate Abilities, Weirdness & Mutations

You reflexively headbutt those who attack you in melee.
You have a pair of horns on your head.


Message History

The orc priest is moderately wounded.
The orc priest hits you but does no damage.
You barely miss the orc priest.
The orc priest is moderately wounded.
You barely miss the orc priest.
You headbutt the orc priest, but do no damage.
The orc priest is moderately wounded.
The orc priest hits you but does no damage.
You hit the orc priest but do no damage.
The orc priest is moderately wounded.
The orc priest hits you but does no damage.
You hit the orc priest but do no damage.
Your headbutt misses the orc priest.
The orc priest is moderately wounded.
The orc priest miscasts a cantrip.
You hit the orc priest but do no damage.
The orc priest is moderately wounded.
The orc priest mumbles some strange prayers to Beogh against you.
Pain shoots through your body!
You die...

#.# #.# #. ####.# #.# #..
#....# #.. ...# #.##.#
### #...# #.##.# ##
.....# #>##.# #. ......#
#....# #.
...[...####..[.########.
?.(...o@.).........รท....
....!..####....#########
......# ##.### .....# #.#
#...# #># ##+# ..# .##


You could see an orc priest.

Vanquished Creatures
  A scorpion (D:3)
  An orc wizard (D:3)
  A gnoll (D:1)
  5 adders
  2 oozes (D:1)
  3 worms (D:2)
  2 dart slugs
  A leopard gecko (D:3)
  3 orcs (D:3)
  8 bats
  7 giant cockroaches
  12 goblins
  9 hobgoblins
  8 jackals (D:2)
  9 kobolds
  4 frilled lizards
  5 rats
81 creatures vanquished.

Notes
Turn   | Place    | Note
-------+----------+-------------------------------------------
     0 | D:1      | pkoi the Minotaur Fighter began the quest for the Orb.
     0 | D:1      | Reached XP level 1. HP: 19/19 MP: 0/0
    82 | D:1      | Reached skill level 3 in Long Blades
   110 | D:1      | Reached XP level 2. HP: 25/26 MP: 1/1
   195 | D:1      | Reached skill level 4 in Long Blades
   402 | D:1      | Reached XP level 3. HP: 29/31 MP: 2/2
  1198 | D:2      | Reached skill level 5 in Long Blades
  1313 | D:2      | Reached XP level 4. HP: 39/39 MP: 3/3
  1584 | D:2      | Found a white marble altar of Elyvilon.
  1602 | D:2      | Became a worshipper of Elyvilon the Healer
  2204 | D:3      | Reached XP level 5. HP: 41/46 MP: 4/4
  2546 | D:3      | Reached skill level 1 in Invocations
  2688 | D:3      | Reached * piety under Elyvilon
  2951 | D:3      | Found a basalt altar of Yredelemnul.
  2951 | D:3      | Found a hide-covered altar of Uskayaw.
  2952 | D:3      | Found a shimmering altar of Xom.
  3406 | D:3      | Killed from afar by an orc priest

Levels and vault maps discovered:
D:1:      scummos_arrival_simple_crosswalls, layout_basic, st_stairs_13
D:2:      layout_basic, lemuel_doored_altar, grunt_decor_arrowhead,
          chequers_serial_rivers_micro_d
D:3:      layout_loops_corners, minitemple, first_ration,
          serial_co_window_serial, co_window_cross_1, co_window_paths_b,
          co_window_corner_a, co_window_corner_a, co_window_paths_a,
          co_window_of_opportunity_c, co_window_2corner, co_window_corner_ca,
          co_window_sun, glass_columns_a

Skill      XL: |  1  2  3  4  5 |
---------------+----------------+-----
Long Blades    | 3 4 5 |  5.9
Fighting       | 4 |  4.3
Armour         | 4 |  4.2
Shields        | 4 |  4.2
Invocations    | 1 |  1.2

Action                   |  1- 3 |  4- 6 || total
-------------------------+-------+-------++-------
Melee: Long sword        |    92 |    83 ||   175
       Headbutt          |    11 |    21 ||    32
       Dagger            |       |    22 ||    22
  Use: Scroll            |       |     7 ||     7
       Potion            |       |     1 ||     1
  Eat: Chunk             |     1 |     7 ||     8
Armor: Scale mail        |    21 |       ||    21
       Plate armour      |    10 |    62 ||    72
Dodge: Dodged            |    20 |    22 ||    42
Block: Shield            |    39 |    43 ||    82
       Rpst.: Long sword |     4 |     5 ||     9

Table legend:
 A = Non-vault XP
 B = Vault XP
 C = Vault XP percentage of total XP
 D = Non-vault monster count
 E = Vault monster count
 F = Vault count percentage of total count
                 A         B        C        D         E       F
            +---------+---------+-------+---------+---------+-------
      Total |     343 |       1 |   0.3 |      80 |       1 |   1.2
            +---------+---------+-------+---------+---------+-------
        D:1 |      68 |       1 |   1.4 |      25 |       1 |   3.8
        D:2 |     106 |       0 |   0.0 |      28 |       0 |   0.0
        D:3 |     169 |       0 |   0.0 |      27 |       0 |   0.0
            +---------+---------+-------+---------+---------+-------
